 Seeded DCSS version 0.30.1-4-g462c640d31 (webtiles) character file.

Game seed: 920673320228942481 (custom seed)

25 Psyclone the Conjurer (level 2, -5/14 (15) HPs)
             Began as a Deep Elf Conjurer on Sept 19, 2023.
             Slain by Crazy Yiuf
             ... wielding a +2 quarterstaff of chaos
              (11 damage)
             ... on level 2 of the Dungeon.
             The game lasted 00:05:44 (1784 turns).

Psyclone the Conjurer (Deep Elf Conjurer)           Turns: 1784, Time: 00:05:45

HP:   -5/14 (15)    AC:  2    Str:  4    XL:     2   Next: 82%
MP:   6/9           EV: 12    Int: 22    God:
Gold: 2037          SH:  0    Dex: 13    Spells: 6/9 levels left

rFire   . . .        t - +0 dagger
rCold   . . .        (no shield)
rNeg    . . .        a - +0 robe
rPois   .            (no helmet)
rElec   .            (no cloak)
rCorr   .            (no gloves)
SInv    .            (no boots)
Will    .....        (no amulet)
Stlth   ++           f - ring of wizardry
HPRegen 0.22/turn    (no ring)
MPRegen 0.11/turn

%: wizardry (x1)
@: drained
A: no striking features
a: no special abilities


You were on level 2 of the Dungeon.
You visited 1 branch of the dungeon, and saw 3 of its levels.

You collected 2336 gold pieces.
You spent 299 gold pieces at shops.

Inventory:

Hand Weapons
 t - a +0 dagger (weapon)
Armour
 a - a +0 robe (worn)
Jewellery
 f - a ring of wizardry (left hand)
 p - a ring of see invisible
Scrolls
 g - a scroll of teleportation {unknown}
 h - a scroll of amnesia {unknown}
 i - a scroll of fog {unknown}
 j - a scroll of identify {unknown}
 m - a scroll of enchant weapon {unknown}
 r - a scroll of fear {unknown}
Potions
 b - a potion of magic
 c - 3 potions of mutation {unknown}
 d - 2 potions of cancellation {unknown}
 e - a potion of resistance {unknown}
 k - a potion of curing {unknown}
 l - a potion of heal wounds {unknown}
 n - 2 potions of degeneration {unknown}
 o - 2 potions of ambrosia {unknown}
 q - a potion of invisibility {unknown}
 s - a potion of lignification {unknown}


   Skills:
 - Level 2.4 Dodging
 - Level 2.4 Stealth
 + Level 4.0 Spellcasting
 + Level 4.9 Conjurations


You had 6 spell levels left.
You knew the following spells:

 Your Spells              Type           Power      Damage    Failure   Level
a - Magic Dart            Conj           100%       1d8       1%          1
b - Searing Ray           Conj           52%        2d6       1%          2

Your spell library contained the following spells:

 Spells                   Type           Power      Damage    Failure   Level
 Foxfire                  Conj/Fire      60%        2x1d7     1%          1
 Dazzling Flash           Conj/Hex       30%        N/A       4%          3
 Fulminant Prism          Conj/Hex       7%         3d6       16%         4
 Iskenderun's Mystic Bla  Conj/Tloc      15%        2d5       16%         4
 Fireball                 Conj/Fire      7%         3d5       41%         5
 Starburst                Conj/Fire      7%         6d4       91%         6
 Plasma Beam              Fire/Air       2%         2x1d13    99%         6


Dungeon Overview and Level Annotations

Branches:
Dungeon (3/15) Zot: 16216

Altars:

Shops:
D:3 *

Annotations:
D:2 Crazy Yiuf


Message History

The kobold shouts!
Okay, then.
Okay, then.
A kobold is nearby!
Casting: Searing Ray (safe; 1% risk of failure)
Confirm with . or Enter, or press ? or * to list all spells.
Aiming: Magic Dart (safe; 1% risk of failure)
Press: ? - help, Shift-Dir - straight line, f - kobold
Aim: a kobold, wielding a +0 dagger (100% to hit)
The magic dart hits the kobold.
You kill the kobold!
You now have 8/9 mp.
You see here a +0 dagger.
Found a leather armour.
MP restored: 9 You see here a +0 dagger.
t - a +0 dagger
Found a hammer.
Found a runed translucent door.
t - a +0 dagger (weapon)
Crazy Yiuf shouts!
Crazy Yiuf whimpers, "Citrus pizzabubble sallow!"
You open the door.
Casting: Magic Dart (safe; 1% risk of failure)
Confirm with . or Enter, or press ? or * to list all spells.
Aiming: Searing Ray (safe; 1% risk of failure)
Press: ? - help, Shift-Dir - straight line, f - Crazy Yiuf
Aim: Crazy Yiuf, wielding a +2 quarterstaff of chaos and wearing a +0 cloak of poison resistance (82% to hit)
The searing ray hits Crazy Yiuf.
Crazy Yiuf is lightly wounded. (Press . to maintain the ray.) Crazy Yiuf says, "Cholesterol!
Dawk foot turtle."
Crazy Yiuf hits you with a +2 quarterstaff of chaos.
You feel drained.
You take 9 damage, and have 6/14 hp.
MASSIVE DAMAGE!!
You now have 7/9 mp.
The searing ray hits Crazy Yiuf.
Crazy Yiuf is heavily wounded.
Crazy Yiuf grits, "Snurf chair rumpyflump!"
Crazy Yiuf hits you with a +2 quarterstaff of chaos!
Ouch! That really hurt!
You die...

+ # #+# ### ######.#
### #)..###
##..#.#.###..
#...g@####........[..#
#...##..#..........#..
### ###.#...#.....##.
########....##.
##.#.##. ###.### #.#
#.### #....


You could see Crazy Yiuf.

Vanquished Creatures
  A worm (D:3)
  2 dart slugs
  An endoplasm (D:3)
  A giant cockroach (D:2)
  A goblin (D:1)
  7 ball pythons
  2 bats
  2 kobolds
  3 rats
20 creatures vanquished.

Notes
Turn   | Place    | Note
-------+----------+-------------------------------------------
     0 | D:1      | Psyclone the Deep Elf Conjurer began the quest for the Orb.
     0 | D:1      | Reached XP level 1. HP: 10/10 MP: 6/6
    75 | D:1      | Identified 3 scrolls of acquirement
    75 | D:1      | Acquired 989 gold pieces
    76 | D:1      | Acquired 308 gold pieces
    77 | D:1      | Acquired 965 gold pieces
   905 | D:1      | Reached XP level 2. HP: 15/15 MP: 5/8
  1326 | D:2      | You fall into a shaft and drop 1 floor!
  1371 | D:3      | Found Xyxiz's Assorted Antiques.
  1392 | D:3      | Bought a blue potion for 20 gold pieces
  1392 | D:3      | Bought a murky purple potion for 20 gold pieces
  1392 | D:3      | Bought a scroll labelled ZADIREE CYCED for 23 gold pieces
  1392 | D:3      | Bought a fizzy white potion for 20 gold pieces
  1392 | D:3      | Bought a purple potion for 20 gold pieces
  1392 | D:3      | Bought a notched agate ring for 115 gold pieces
  1392 | D:3      | Bought a purple potion for 20 gold pieces
  1392 | D:3      | Bought 2 fizzy ruby potions for 41 gold pieces
  1392 | D:3      | Bought a fuming blue potion for 20 gold pieces
  1463 | D:3      | Learned a level 2 spell: Searing Ray
  1777 | D:2      | Found a runed translucent door.
  1779 | D:2      | Noticed Crazy Yiuf
  1784 | D:2      | Slain by Crazy Yiuf

Illustrated notes

Levels and vault maps discovered:
D:1:      dpeg_arrival_orchard, layout_basic
D:2:      layout_loops_corners, uniq_natasha, uniq_crazy_yiuf_cottage
D:3:      layout_basic, serial_shops, nicolae_shop_stone, shop

Skill      XL: |  1  2 |
---------------+-------+-----
Spellcasting   | 4 |  4.0
Dodging        | |  2.4
Stealth        | |  2.4
Conjurations   | |  4.9

Action                     || total
---------------------------++-------
   Cast: Magic Dart        ||    26
         Searing Ray       ||     5
    Use: Scroll            ||     3
  Dodge: Dodged            ||     1
